 Dungeon Crawl Stone Soup version 0.26-a0-651-gb41185065b (webtiles) character file.

Game seed: 6808995138185873524

3254 Lanoc the Nimble (level 10, 0/77 HPs)
             Began as a Gnoll Gladiator on Oct 19, 2020.
             Was a Believer of Uskayaw.
             Slain by a death yak (21 damage)
             ... on level 9 of the Dungeon.
             The game lasted 00:09:04 (6024 turns).

Lanoc the Nimble (Gnoll Gladiator)                  Turns: 6024, Time: 00:09:04

Health: 0/77       AC:  8    Str: 17    XL:     10   Next: 0%
Magic:  17/17      EV: 20    Int: 11    God:    Uskayaw [**....]
Gold:   168        SH:  0    Dex: 25    Spells: 18/18 levels left

rFire    + . .     SeeInvis .   b - +8 flail of Amorality {venom, *Contam rElec rF+}
rCold    . . .     Faith    .   (no shield)
rNeg     . . .     Spirit   .   y - +0 leather armour
rPois    .         Reflect  .   k - +2 hat
rElec    +         Harm     .   p - scarf {+Inv}
rCorr    +         Rampage  .   C - +2 pair of gloves
MR       .....                  (no boots)
Stlth    +++.......             o - amulet of regeneration
HPRegen  0.62/turn              D - +6 ring of dexterity
MPRegen  0.15/turn              s - ring of resist corrosion

@: brilliant
A: distributed training, fangs 1, strong nose
a: Stomp, Line Pass, Renounce Religion, Evoke Invisibility


You were on level 9 of the Dungeon.
You worshipped Uskayaw.
Uskayaw was noncommittal.
You visited 2 branches of the dungeon, and saw 10 of its levels.
You also visited: Sewer.

You collected 362 gold pieces.
You spent 194 gold pieces at shops.

Inventory:

Hand Weapons
 a - a +2 war axe of flaming
 b - the +8 flail of Amorality (weapon) {venom, *Contam rElec rF+}
   (You took it off an orc on level 6 of the Dungeon)

   It poisons the flesh of those it strikes.
   It protects you from fire.
   It insulates you from electricity.
   It causes magical contamination when unequipped.
Missiles
 d - 3 throwing nets (quivered)
Armour
 k - a +2 hat (worn)
 p - a scarf of invisibility (worn)
 y - a +0 leather armour (worn)
 C - a +2 pair of gloves (worn)
Jewellery
 o - an amulet of regeneration (around neck)
 s - a ring of resist corrosion (right hand)
 D - a +6 ring of dexterity (left hand)
Wands
 q - a wand of enslavement (8)
Scrolls
 j - 3 scrolls of remove curse
 l - 6 scrolls of identify
 r - a scroll of enchant weapon {unknown}
 t - 7 scrolls of teleportation
 u - 3 scrolls of amnesia {unknown}
 x - 3 scrolls of magic mapping
 z - a scroll of silence {unknown}
 A - 3 scrolls of blinking
 B - a scroll of summoning
Potions
 c - 2 potions of brilliance
 e - 5 potions of curing
 f - 3 potions of stabbing {unknown}
 g - 4 potions of heal wounds {unknown}
 h - 3 potions of flight
 i - 2 potions of degeneration {unknown}
 m - 3 potions of mutation {unknown}
 n - a potion of might {unknown}
 v - a potion of ambrosia {unknown}
 w - 2 potions of lignification {unknown}


   Skills:
 + Level 6.7 Fighting
 + Level 4.7 Short Blades
 + Level 4.7 Long Blades
 + Level 8.2 Axes
 + Level 4.7 Maces & Flails
 + Level 4.7 Polearms
 + Level 4.7 Staves
 + Level 4.7 Slings
 + Level 4.7 Bows
 + Level 4.7 Crossbows
 + Level 6.7 Throwing
 + Level 4.7 Armour
 + Level 8.2 Dodging
 + Level 4.7 Stealth
 + Level 4.7 Shields
 + Level 4.7 Unarmed Combat
 + Level 4.7 Spellcasting
 + Level 3.9 Conjurations
 + Level 3.9 Hexes
 + Level 3.9 Summonings
 + Level 3.9 Necromancy
 + Level 3.9 Translocations
 + Level 3.9 Transmutations
 + Level 3.9 Fire Magic
 + Level 3.9 Ice Magic
 + Level 3.9 Air Magic
 + Level 3.9 Earth Magic
 + Level 3.9 Poison Magic
 + Level 5.2 Invocations
 + Level 4.7 Evocations


You had 18 spell levels left.
You didn't know any spells.
Your spell library contained the following spells:

 Spells                   Type           Power        Failure   Level
 Summon Small Mammal      Summ           ###.         5%          1
 Call Imp                 Summ           ###.....     8%          2
 Call Canine Familiar     Summ           ###.....     16%         3
 Summon Guardian Golem    Hex/Summ       ###.....     16%         3
 Summon Ice Beast         Ice/Summ       ###.....     45%         4
 Summon Lightning Spire   Summ/Air       ###.....     45%         4


Dungeon Overview and Level Annotations

Branches:
Dungeon (9/15)             Temple (1/1) D:5            Lair (0/6) D:9
  Sewer (visited)
    Orc: D:9-12

Altars:
Ashenzari
Cheibriados
Dithmenos
Elyvilon
Fedhas
Gozag
Hepliaklqana
Makhleb
Okawaru
Qazlal
Ru
Sif Muna
Trog
Uskayaw
Vehumet
Wu Jian
Xom
Yredelemnul
The Shining One

Shops:
D:7 ?

Annotations:
D:5 1 runed translucent door, Flugslaktarn's ghost, amateur DDFi


Innate Abilities, Weirdness & Mutations

Your experience applies equally to all skills.
You have very sharp teeth.
Your uncanny sense of smell can sniff out nearby items.


Message History

You sock the vampire mosquito!
The vampire mosquito is moderately damaged.
The vampire mosquito misses you.
The vampire mosquito completely misses you.
You sock the vampire mosquito! You bite the vampire mosquito.
The vampire mosquito is almost destroyed.
The vampire mosquito misses you. The vampire mosquito bites you!
* * * LOW HITPOINT WARNING * * *
The vampire mosquito draws strength from your injuries!
You can now pass through a line of other dancers.
You hit the vampire mosquito. Your bite misses the vampire mosquito.
The vampire mosquito is almost destroyed.
The vampire mosquito misses you. The vampire mosquito bites you.
* * * LOW HITPOINT WARNING * * *
The vampire mosquito draws strength from your injuries!
You feel better.
It was a potion of brilliance.
You feel clever all of a sudden. The death yak gores you!!
You die...

....... ##.....## #.
#..!5#####(..###### #.
#...YYFY.5F.......# #.
.......#####yY........
#. ..>..Y. #Y######.##
#< ...?... #Y# .. #.
....... #y# #. ......#
#Y# # #. ...... #@#
####.#. .J.... #.#
#....... #.# #.......
#.# #....... ...
........ ### #.....##
#..... #.#.## #.


You could see 4 death yaks, 2 vampire mosquitoes, a bullfrog and a white imp.

Vanquished Creatures
  A death yak (D:9)
  An ice beast (D:8)
  An orc warrior (D:7)
  2 sky beasts
  2 ogres (D:7)
  Blork the orc (D:6)
  A big kobold (Sewer)
  3 bullfrogs (D:6)
  4 scorpions
  4 wights (D:8)
  4 howler monkeys
  4 jellies
  A quasit (D:8)
  A bullfrog zombie (D:7)
  5 hounds
  9 orc wizards
  A bullfrog skeleton (D:5)
  3 orc priests
  4 iguanas
  3 worker ants
  A hound zombie (D:6)
  A worker ant zombie (D:8)
  Robin (D:3)
  A howler monkey skeleton (D:5)
  4 gnolls (D:7)
  9 adders
  A shadow imp (D:8)
  3 white imps
  2 ufetubi
  5 oozes
  3 adder zombies
  7 worms
  An adder skeleton (D:4)
  A dart slug (D:4)
  2 leopard geckos
  30 orcs
  4 ball pythons
  10 bats
  3 giant cockroaches
  12 goblins
  5 hobgoblins
  2 jackals (D:5)
  15 kobolds
  5 quokkas
  3 frilled lizards
  A leopard gecko skeleton (D:4)
  7 rats
194 creatures vanquished.

Vanquished Creatures (others)
  2 fungi (Sewer)
  7 plants
9 creatures vanquished.

Grand Total: 203 creatures vanquished

Notes
Turn   | Place    | Note
-------+----------+-------------------------------------------
     0 | D:1      | Lanoc the Gnoll Gladiator began the quest for the Orb.
     0 | D:1      | Reached XP level 1. HP: 20/20 MP: 1/1
   335 | D:2      | Reached XP level 2. HP: 26/26 MP: 2/2
   426 | D:3      | Reached XP level 3. HP: 26/31 MP: 3/3
   528 | D:3      | Reached skill level 1 in Invocations
   550 | D:3      | Reached skill level 1 in Short Blades
   550 | D:3      | Reached skill level 1 in Long Blades
   550 | D:3      | Reached skill level 1 in Maces & Flails
   550 | D:3      | Reached skill level 1 in Polearms
   550 | D:3      | Reached skill level 1 in Staves
   550 | D:3      | Reached skill level 1 in Slings
   550 | D:3      | Reached skill level 1 in Bows
   550 | D:3      | Reached skill level 1 in Crossbows
   550 | D:3      | Reached skill level 1 in Armour
   550 | D:3      | Reached skill level 1 in Stealth
   550 | D:3      | Reached skill level 1 in Shields
   550 | D:3      | Reached skill level 1 in Unarmed Combat
   550 | D:3      | Reached skill level 1 in Spellcasting
   550 | D:3      | Reached skill level 1 in Evocations
   582 | D:3      | Reached XP level 4. HP: 22/38 MP: 5/5
   596 | D:3      | Found a glowing drain.
   600 | Sewer    | Entered a sewer
   722 | Sewer    | Noticed a big kobold
   730 | Sewer    | Killed a big kobold
   730 | Sewer    | Reached skill level 1 in Conjurations
   730 | Sewer    | Reached skill level 1 in Hexes
   730 | Sewer    | Reached skill level 1 in Summonings
   730 | Sewer    | Reached skill level 1 in Necromancy
   730 | Sewer    | Reached skill level 1 in Translocations
   730 | Sewer    | Reached skill level 1 in Transmutations
   730 | Sewer    | Reached skill level 1 in Fire Magic
   730 | Sewer    | Reached skill level 1 in Ice Magic
   730 | Sewer    | Reached skill level 1 in Air Magic
   730 | Sewer    | Reached skill level 1 in Earth Magic
   730 | Sewer    | Reached skill level 1 in Poison Magic
   730 | Sewer    | Reached XP level 5. HP: 33/43 MP: 5/7
  1290 | D:3      | Noticed Robin
  1306 | D:3      | Killed Robin
  1697 | D:4      | Reached XP level 6. HP: 50/50 MP: 8/8
  1896 | D:4      | Reached skill level 5 in Fighting
  1896 | D:4      | Reached skill level 5 in Throwing
  2081 | D:4      | Found a white marble altar of Elyvilon.
  2540 | D:5      | Entered Level 5 of the Dungeon
  2639 | D:5      | Reached XP level 7. HP: 38/56 MP: 10/10
  2682 | D:5      | Found a broken altar of Ashenzari.
  2813 | D:5      | Found a runed translucent door.
  2814 | D:5      | Noticed Flugslaktarn's ghost (amateur DDFi)
  3000 | D:5      | Found a staircase to the Ecumenical Temple.
  3416 | Temple   | Entered the Ecumenical Temple
  3422 | Temple   | Became a worshipper of Uskayaw the Reveler
  3488 | D:6      | Reached * piety under Uskayaw
  3697 | D:6      | Reached XP level 8. HP: 53/63 MP: 12/12
  3697 | D:6      | Reached ** piety under Uskayaw
  3829 | D:6      | Noticed Blork the orc
  3838 | D:6      | Reached *** piety under Uskayaw
  3840 | D:6      | Reached **** piety under Uskayaw
  3841 | D:6      | Killed Blork the orc
  3866 | D:6      | Found an iron altar of Okawaru.
  4015 | D:6      | Identified the +8 flail of Amorality {venom, *Contam rElec
                  | rF+}
  4556 | D:7      | Reached ***** piety under Uskayaw
  4565 | D:7      | Reached ****** piety under Uskayaw
  4763 | D:7      | Reached XP level 9. HP: 56/69 MP: 14/14
  4908 | D:7      | Found a stormy altar of Qazlal.
  5243 | D:7      | Found Rokaud's Magic Scroll Shop.
  5246 | D:7      | Bought a scroll of magic mapping for 52 gold pieces
  5246 | D:7      | Bought a scroll of summoning for 142 gold pieces
  5279 | D:8      | Found a snail-covered altar of Cheibriados.
  5279 | D:8      | Found a sacrificial altar of Ru.
  5281 | D:8      | Found a basalt altar of Yredelemnul.
  5698 | D:8      | Found an iron altar of Okawaru.
  5993 | D:9      | Noticed a death yak
  5995 | D:9      | Found a staircase to the Lair.
  5997 | D:9      | Noticed a death yak
  5997 | D:9      | Noticed a death yak
  5997 | D:9      | Noticed a death yak
  5997 | D:9      | Noticed a death yak
  6007 | D:9      | Killed a death yak
  6007 | D:9      | Reached skill level 5 in Invocations
  6007 | D:9      | Reached XP level 10. HP: 12/77 MP: 15/17
  6024 | D:9      | Slain by a death yak

Illustrated notes

Levels and vault maps discovered:
D:1:      tarquinn_simple_flora_water_e, layout_rooms, minmay_unequal
D:2:      layout_basic, serial_forest, infiniplex_forest_lined_2,
          infiniplex_forest_zigzag_2, infiniplex_forest_clump_long,
          infiniplex_forest_zigzag_1, infiniplex_forest_end_3,
          infiniplex_forest_fountain, infiniplex_forest_lined_ring
D:3:      layout_rooms, lightli_sewer_entry_pipes, minmay_puff, uniq_robin
D:4:      layout_loops_ring, roderic_serpentine_path, elyvilon_altar_4
D:5:      layout_loops_cross, evilmike_ruin_ashenzari,
          minmay_temple_entry_statues_pillars, ebering_ghost_reflecting_pool
D:6:      layout_basic, serial_glass, glass_columns_c, glass_columns_b,
          minmay_strange_pillars, minmay_strange_pillars, basic_altar,
          uniq_blork_the_orc
D:7:      layout_basic, basic_altar, serial_shops, kennysheep_mini_moat,
          skrybe_limestone_x
D:8:      layout_cave_pools, okawaru_metal_pillars_1_2,
          chequers_temple_overflow_statue_of_worship
D:9:      layout_loops_ring, dpeg_lair_monsters, nicolae_ru_path_of_blood
Temple:   nicolae_temple_x_marks_the_god

Skill      XL: |  1  2  3  4  5  6  7  8  9 |
---------------+----------------------------+-----
Invocations    | 1 2 3 4 5 |  5.2
Short Blades   | 1 2 3 4 |  4.7
Long Blades    | 1 2 3 4 |  4.7
Maces & Flails | 1 2 3 4 |  4.7
Polearms       | 1 2 3 4 |  4.7
Staves         | 1 2 3 4 |  4.7
Slings         | 1 2 3 4 |  4.7
Bows           | 1 2 3 4 |  4.7
Crossbows      | 1 2 3 4 |  4.7
Armour         | 1 2 3 4 |  4.7
Stealth        | 1 2 3 4 |  4.7
Shields        | 1 2 3 4 |  4.7
Unarmed Combat | 1 2 3 4 |  4.7
Spellcasting   | 1 2 3 4 |  4.7
Evocations     | 1 2 3 4 |  4.7
Conjurations   | 1 2 3 |  3.9
Hexes          | 1 2 3 |  3.9
Summonings     | 1 2 3 |  3.9
Necromancy     | 1 2 3 |  3.9
Translocations | 1 2 3 |  3.9
Transmutations | 1 2 3 |  3.9
Fire Magic     | 1 2 3 |  3.9
Ice Magic      | 1 2 3 |  3.9
Air Magic      | 1 2 3 |  3.9
Earth Magic    | 1 2 3 |  3.9
Poison Magic   | 1 2 3 |  3.9
Fighting       | 5 6 |  6.7
Throwing       | 5 6 |  6.7
Axes           | 7 8 |  8.2
Dodging        | 7 8 |  8.2

Action                   |  1- 3 |  4- 6 |  7- 9 | 10-12 || total
-------------------------+-------+-------+-------+-------++-------
Melee: War axe           |    69 |   200 |   123 |       ||   392
       Bite              |     3 |    24 |    41 |     2 ||    70
       Punch             |       |     1 |     7 |     1 ||     9
       Flail             |       |       |   149 |     5 ||   154
  Use: Scroll            |     4 |       |     1 |       ||     5
       Potion            |       |       |       |     3 ||     3
 Stab: Sleeping          |       |     2 |     9 |       ||    11
       Paralysed         |       |       |    17 |     1 ||    18
Armor: Leather armour    |    17 |    52 |    68 |     1 ||   138
Dodge: Dodged            |    65 |   191 |   264 |    10 ||   530

Table legend: (Time is in decaauts)
 A = Elapsed time spent in this place.
 B = Non-inter-level travel time spent in this place.
 C = Inter-level travel time spent in this place.
 D = Time resting spent in this place.
 E = Time spent auto-exploring this place.
 F = Levels seen in this place.
 G = Mean time per level.
                   A        B        C        D        E       F      G
               +--------+--------+--------+--------+--------+-----+--------+
         Total |   6152 |   5989 |    163 |      0 |   4647 |  11 |  559.3 |
       Dungeon |   5606 |   5443 |    163 |      0 |   4251 |   9 |  622.9 |
        Temple |     12 |     12 |      0 |      0 |      0 |   1 |   12.0 |
         Sewer |    532 |    532 |      0 |      0 |    396 |   1 |  532.0 |
               +--------+--------+--------+--------+--------+-----+--------+

Top non-repeatable levels by time:
     D:6: 1094 daAuts
     D:4: 907 daAuts
     D:5: 906 daAuts
     D:3: 788 daAuts
     D:7: 740 daAuts
     D:8: 655 daAuts
   Sewer: 532 daAuts
     D:2: 271 daAuts
     D:9: 122 daAuts
     D:1: 120 daAuts
  Temple: 12 daAuts
